 Dungeon Crawl Stone Soup version 0.31-a0-819-gf6de2f5ab6 (webtiles) character file.

Game seed: 4034846263532719357

24834 qw the Marksgargoyle (level 13, -2/82 HPs)
             Began as a Gargoyle Hunter on Sept 23, 2023.
             Was an Elder of Okawaru.
             Slain by a death yak (18 damage)
             ... on level 3 of the Lair of Beasts.
             The game lasted 00:05:53 (10104 turns).

qw the Marksgargoyle (Gargoyle Hunter)             Turns: 10104, Time: 00:05:53

Health: -2/82      AC: 20    Str: 17    XL:     13   Next: 15%
Magic:  20/20      EV: 20    Int: 15    God:    Okawaru [****..]
Gold:   1141       SH:  0    Dex: 21    Spells: 12/12 levels left

rFire   . . .        Y - +1 arbalest
rCold   . . .        (shield currently unavailable)
rNeg    + . .        h - +0 troll leather armour
rPois   inf          m - +2 helmet {Int+3}
rElec   +            (no cloak)
rCorr   .            j - +0 pair of gloves
SInv    .            s - +0 pair of boots
Will    +....        q - amulet of regeneration
Stlth   +++          d - ring "Nihasoss" {rElec rPois rC- Str+3 Dex+6}
HPRegen 1.93/turn    n - ring of protection from cold
MPRegen 0.17/turn

%: no passive effects
@: about to teleport, heroic, flying
A: sickness immunity, AC +9, negative energy resistance 1, electricity
resistance, torment resistance 1, petrification resistance, big wings, clumsy 1,
deterioration 1, strong-willed 1
a: Renounce Religion, Heroism, Finesse


You were on level 3 of the Lair of Beasts.
You worshipped Okawaru.
Okawaru was greatly pleased with you.
You visited 3 branches of the dungeon, and saw 14 of its levels.

You collected 1420 gold pieces.
You spent 279 gold pieces at shops.


Innate Abilities, Weirdness & Mutations

You are immune to sickness and miasma.
Your stone body is resilient. (AC +9)
You are immune to poison.
You resist negative energy. (rN+)
You are resistant to electric shocks. (rElec)
You are resistant to unholy torment.
You are immune to petrification.
Your large and strong wings let you fly.
You are clumsy. (Dex -2)
Your body sometimes deteriorates upon taking damage.
You are strong-willed. (Will+)


   Skills:
 + Level 10.1(15.1) Fighting
 - Level 16.0(21.0) Ranged Weapons
 - Level 5.1(10.1) Armour
 - Level 6.0(11.0) Dodging
 - Level 1.1(6.1) Stealth
 - Level 10.0 Invocations


You had 12 spell levels left.
You didn't know any spells.
Your spell library was empty.

Inventory:

Hand Weapons
 Y - a +1 arbalest (weapon)
Armour
 h - a +0 troll leather armour (worn)
 j - a +0 pair of gloves (worn)
 m - a +2 helmet of intelligence (worn)
 s - a +0 pair of boots (worn)
Jewellery
 d - the ring "Nihasoss" (left hand) {rElec rPois rC- Str+3 Dex+6}
   (You acquired it on level 5 of the Dungeon)

   [ring of dexterity]

   Str+3:     It affects your strength (+3).
   Dex+6:     It affects your dexterity (+6).
   rC-:       It makes you vulnerable to cold.
   rElec:     It insulates you from electricity.
   rPois:     It protects you from poison
 l - a +6 ring of strength
 n - a ring of protection from cold (right hand)
 q - an amulet of regeneration (around neck)
Scrolls
 c - 11 scrolls of identify
Potions
 a - 2 potions of cancellation
 b - 2 potions of enlightenment
 e - a potion of haste
 f - 2 potions of heal wounds
 g - 9 potions of curing
 k - 2 potions of might

Dungeon Overview and Level Annotations

Branches:
Dungeon (9/15)             Temple (1/1) D:5            Lair (4/5) D:9
 Shoals (0/4) Lair:2        Snake (0/4) Lair:3
  Slime: Lair:4-5       Orc: D:9-12

Altars:
Ashenzari
Cheibriados
Dithmenos
Elyvilon
Fedhas
Gozag
Hepliaklqana
Kikubaaqudgha
Makhleb
Nemelex Xobeh
Okawaru
Qazlal
Ru
Sif Muna
Trog
Uskayaw
Vehumet
Wu Jian
Xom
Yredelemnul
Zin
The Shining One

Shops:
D:4 =   D:8 [

Annotations:
D:6 3 runed translucent doors, qw's ghost, novice MiHs


Message History

The blink frog barely misses you. The blink frog hits you.
The blink frog blinks!
The death yak gores you! The death yak gores you.
The death yak barely misses you.
The death yak gores you but does no damage.
You fly upwards.
There is a stone staircase leading down here.
Enter note:
Enter note:
Enter note:
Enter note:
Enter note:
Enter note:
10103 |||
Found retreat position at -4,-4 (floor) with 1 blocking monsters and 2 monsters attacking at destination at distance 4
Enter note:
Enter note:
Enter note:
Enter note:
Enter note:
Enter note: You shoot a bolt.
The bolt hits the blink frog!!
The blink frog is almost dead.
The blink frog completely misses you.
The blink frog blinks!
The blink frog hits you but does no damage.
The blink frog blinks!
The death yak barely misses you.
The death yak gores you but does no damage. x2
The death yak gores you!
The blink frog blinks!
The blink frog hits you.
The blink frog blinks!
10104 |||
Found retreat position at 6,-3 (floor) with 0 blocking monsters and 3 monsters attacking at destination at distance 6
Enter note:
Enter note:
Enter note:
Enter note:
Enter note:
Enter note:
10104 ||| READING scroll of teleportation.
As you read the scroll of teleportation, it crumbles to dust.
You feel strangely unstable. The blink frog barely misses you.
The death yak completely misses you. The death yak gores you!!
You die...

### #######.##############
######.#.#.#..##.##..#.#..#######
.................................
.............F.YY¤...............
.......##.##...F@Y....##+#..#..#.
.......#.....#..YF....#..........
.......#.........................
#.###...............F.....)......
##.###.#.#..PP.................PP
#### #."..............#...^....P.
.# ##...........................
## #....##.P##.####..#..........
# ##....####### ##.............


You could see 4 death yaks and 4 blink frogs.

Vanquished Creatures
  A hydra (Lair:3)
  A two-headed ogre (D:9)
  A skyshark (Lair:2)
  A fire crab (Lair:3)
  2 harpies (Lair:2)
  Pikel (D:8)
  2 oklob plants (Lair:3)
  2 black mambas
  Joseph (D:7)
  4 cane toads
  2 komodo dragons
  3 polar bears (Lair:2)
  2 trolls (D:9)
  A hornet (D:7)
  32 blink frogs
  3 wyverns
  21 yaks
  2 basilisks
  2 wargs (D:9)
  4 nagas (Lair:3)
  6 water moccasins
  3 orc warriors
  5 ice beasts
  3 black bears
  A hornet zombie (D:8)
  2 sky beasts (D:7)
  3 ogres
  3 centaurs
  12 wolves (Lair:1)
  A lemure (D:8)
  A phantom (D:5)
  9 bullfrogs
  2 scorpions (D:5)
  A gnoll sergeant (D:9)
  A necrophage (D:8)
  22 wights
  An electric eel (Lair:2)
  4 hounds
  A human zombie (D:8)
  A jelly (D:6)
  A centaur zombie (D:8)
  5 orc priests
  A gnoll bouda (D:9)
  A sleepcap (D:6)
  3 orc wizards (D:9)
  4 mummies (D:8)
  A howler monkey zombie (D:8)
  11 gnolls
  6 adders
  3 dart slugs
  20 orcs
  2 bats
  9 endoplasms
  A giant cockroach (D:4)
  8 goblins
  7 hobgoblins
  4 jackals (D:2)
  5 quokkas
  7 ball pythons
  3 frilled lizards
  7 kobolds
  2 rats
281 creatures vanquished.

Notes
Turn   | Place    | Note
-------+----------+-------------------------------------------
     0 | D:1      | qw the Gargoyle Hunter began the quest for the Orb.
     0 | D:1      | Reached XP level 1. HP: 12/12 MP: 1/1
     0 | D:1      | 0 ||| qw: Version: 0.3-a-83-gcd0e7d8
     0 | D:1      | 0 ||| qw: Game counter: 1583
     0 | D:1      | 0 ||| qw: Melee chars always use a shield: true
     0 | D:1      | 0 ||| qw: God list: Okawaru
     0 | D:1      | 0 ||| qw: Allow faded altars: false
     0 | D:1      | 0 ||| qw: Do Orc after clearing Dungeon:15 true
     0 | D:1      | 0 ||| qw: Do second Lair branch before Depths: true
     0 | D:1      | 0 ||| qw: Lair rune preference: random
     0 | D:1      | 0 ||| qw: Goals: Normal
     0 | D:1      | 0 ||| PLANNING D:1-11
   221 | D:1      | Reached XP level 2. HP: 17/17 MP: 2/2
   478 | D:1      | Reached XP level 3. HP: 21/21 MP: 3/3
   679 | D:1      | Reached skill level 5 in Ranged Weapons
   913 | D:1      | 913 ||| UPGRADING to +0 ring mail.
   923 | D:1      | 923 ||| DROPPING +0 leather armour.
   924 | D:1      | 924 ||| READING scroll labelled SUTYOP SUGUROU.
   925 | D:1      | 925 ||| READING scroll labelled AREONL HIUFAW.
   926 | D:1      | 926 ||| DRINKING 2 brown potions.
   926 | D:1      | Gained mutation: You are occasionally teleported next to
                  | monsters. [potion of mutation]
   926 | D:1      | Gained mutation: You are robust. (+10% HP) [potion of
                  | mutation]
   933 | D:1      | 933 ||| DRINKING potion of mutation.
   933 | D:1      | Lost mutation: You are occasionally teleported next to
                  | monsters. [potion of mutation]
   933 | D:1      | Lost mutation: You are robust. (+10% HP) [potion of
                  | mutation]
   933 | D:1      | Gained mutation: Your flesh is cold resistant. (rC+)
                  | [potion of mutation]
   933 | D:1      | Gained mutation: You have hidden genetic defects. [potion
                  | of mutation]
   933 | D:1      | Gained mutation: You are strong-willed. (Will+) [potion of
                  | mutation]
   933 | D:1      | Gained mutation: Your mind is acute. (Int +4, Str/Dex -1)
                  | [potion of mutation]
   934 | D:1      | 934 ||| DRINKING 2 metallic white potions.
   935 | D:1      | 935 ||| DRINKING 2 coppery potions.
   936 | D:1      | 936 ||| DROPPING scroll of butterflies.
  1076 | D:2      | Reached skill level 1 in Armour
  1087 | D:2      | Gained mutation: Your body sometimes deteriorates upon
                  | taking damage. [hidden defects]
  1235 | D:2      | Gained mutation: You occasionally lose the ability to drink
                  | potions when taking damage. [hidden defects]
  1235 | D:2      | Lost mutation: You have hidden genetic defects. [hidden
                  | defects expressed]
  1417 | D:2      | Reached skill level 3 in Fighting
  1417 | D:2      | Reached XP level 4. HP: 28/28 MP: 4/4
  1417 | D:2      | 1417 ||| DRINKING potion of mutation.
  1417 | D:2      | Lost mutation: Your flesh is cold resistant. (rC+) [potion
                  | of mutation]
  1417 | D:2      | Lost mutation: Your mind is acute. (Int +4, Str/Dex -1)
                  | [potion of mutation]
  1417 | D:2      | Lost mutation: You occasionally lose the ability to drink
                  | potions when taking damage. [potion of mutation]
  1417 | D:2      | Gained mutation: Your large and strong wings let you fly.
                  | [potion of mutation]
  1417 | D:2      | Gained mutation: You are clumsy. (Dex -2) [potion of
                  | mutation]
  1423 | D:2      | 1423 ||| READING scroll labelled GISCHA OFAEFU.
  1424 | D:2      | 1424 ||| READING scroll labelled TOTHIEMUCWIAWK.
  1425 | D:2      | 1425 ||| READING scroll labelled FIEKHUCZAC.
  1426 | D:2      | 1426 ||| READING scroll labelled QYMAS GIGOWEU.
  1860 | D:3      | Identified the orb "Xezisac" {*channel, Stlth+}
  2084 | D:3      | 2084 ||| UPGRADING to +0 pair of gloves.
  2089 | D:3      | 2089 ||| READING 2 scrolls of identify.
  2089 | D:3      | 2089 ||| IDENTIFYING bubbling orange potion
  2107 | D:4      | 2107 ||| STAIRDANCE
  2189 | D:4      | Found a bloodstained altar of Trog.
  2302 | D:4      | Found Baggoj's Jewellery Shop.
  2308 | D:4      | 2308 ||| SHOPLISTING +5 ring of evasion (504 gold, have
                  | 185).
  2639 | D:4      | Reached XP level 5. HP: 30/32 MP: 5/5
  2731 | D:4      | 2731 ||| UPGRADING to +2 hat.
  2736 | D:4      | 2736 ||| READING 2 scrolls of identify.
  2736 | D:4      | 2736 ||| IDENTIFYING viscous white potion
  2777 | D:5      | Entered Level 5 of the Dungeon
  2831 | D:5      | Noticed a phantom
  2849 | D:5      | Killed a phantom
  2850 | D:5      | Reached skill level 6 in Ranged Weapons
  2926 | D:5      | Reached XP level 6. HP: 23/37 MP: 6/6
  2932 | D:5      | Noticed an ice beast
  2933 | D:5      | 2933 ||| FLEEEEING.
  2934 | D:5      | 2934 ||| FLEEEEING.
  2935 | D:5      | 2935 ||| FLEEEEING.
  3202 | D:5      | Killed an ice beast
  3203 | D:5      | Reached skill level 7 in Ranged Weapons
  3203 | D:5      | Reached XP level 7. HP: 25/44 MP: 7/7
  3301 | D:5      | HP: 4/44 [ogre/+0 giant club (14)]
  3302 | D:5      | 3302 ||| DRINKING 4 potions of heal wounds.
  3324 | D:5      | Reached skill level 8 in Ranged Weapons
  3438 | D:5      | Identified the +6 quarterstaff of Bejidaxt {flame, +Blink
                  | rC- Dex+4 Stlth+}
  3647 | D:5      | Found a staircase to the Ecumenical Temple.
  3648 | D:5      | 3648 ||| PLANNING TEMPLE
  3648 | D:5      | 3648 ||| DROPPING scarf of invisibility.
  3649 | D:5      | 3649 ||| UPGRADING to +0 pair of boots.
  3654 | D:5      | 3654 ||| UPGRADING to amulet of the acrobat.
  3659 | D:5      | 3659 ||| UPGRADING to amulet of regeneration.
  3669 | D:5      | 3669 ||| DROPPING amulet of the acrobat.
  3670 | D:5      | 3670 ||| DROPPING +6 ring of intelligence.
  3671 | D:5      | 3671 ||| READING scroll labelled FOCKUVVEIQE.
  3671 | D:5      | Identified a scroll of acquirement
  3671 | D:5      | 3671 ||| ACQUIRING ring "Nihasoss" {rElec rPois rC- Str+3
                  | Dex+6}
  3671 | D:5      | Acquired the ring "Nihasoss" {rElec rPois rC- Str+3 Dex+6}
  3672 | D:5      | 3672 ||| READING 2 scrolls labelled CAHALO VACIO.
  3673 | D:5      | 3673 ||| READING scroll of enchant weapon.
  3673 | D:5      | 3673 ||| ENCHANTING +1 shortbow.
  3674 | D:5      | 3674 ||| DRINKING 2 sapphire potions.
  3675 | D:5      | 3675 ||| READING 3 scrolls of identify.
  3675 | D:5      | 3675 ||| IDENTIFYING viscous brown potion
  3676 | D:5      | 3676 ||| READING 2 scrolls of identify.
  3676 | D:5      | 3676 ||| IDENTIFYING smoky puce potion
  3677 | D:5      | 3677 ||| DROPPING potion of degeneration.
  3684 | Temple   | Entered the Ecumenical Temple
  3685 | Temple   | 3685 ||| PLANNING OKAWARU WORSHIP
  3700 | Temple   | Became a worshipper of Warmaster Okawaru
  3701 | Temple   | 3701 ||| PLANNING D:1-11
  4030 | D:5      | 4030 ||| UPGRADING to ring "Nihasoss" {rElec rPois rC-
                  | Str+3 Dex+6}.
  4031 | D:5      | 4031 ||| READING scroll labelled DUURHA ACOCALE.
  4247 | D:6      | Reached XP level 8. HP: 33/49 MP: 8/8
  4372 | D:6      | Reached * piety under Okawaru
  4373 | D:6      | Reached skill level 9 in Ranged Weapons
  4435 | D:6      | Reached skill level 1 in Invocations
  4517 | D:6      | Found a runed translucent gate.
  4517 | D:6      | Found a runed translucent gate.
  4519 | D:6      | Found a runed translucent gate.
  4520 | D:6      | Noticed a spectral unseen horror
  4522 | D:6      | Noticed qw's ghost (novice MiHs)
  4645 | D:6      | 4645 ||| INVOKING Heroism.
  4777 | D:6      | 4777 ||| READING scroll labelled BIOQAT HEPLURCHOXT.
  4787 | D:6      | 4787 ||| READING scroll labelled ELERAT GOCVASO.
  4788 | D:6      | 4788 ||| READING scroll labelled BILEKK JOGRI.
  4789 | D:6      | 4789 ||| READING 3 scrolls of identify.
  4789 | D:6      | 4789 ||| IDENTIFYING sedimented orange potion
  4790 | D:6      | 4790 ||| READING 2 scrolls of identify.
  4790 | D:6      | 4790 ||| IDENTIFYING fizzy grey potion
  4791 | D:6      | 4791 ||| DROPPING potion of invisibility.
  4792 | D:6      | 4792 ||| DROPPING potion of ambrosia.
  4808 | D:7      | 4808 ||| RETREEAATING.
  4810 | D:7      | 4810 ||| RETREEAATING.
  4811 | D:7      | 4811 ||| Stepping ~*~*~tactically~*~*~ (retreating).
  4812 | D:7      | 4812 ||| Stepping ~*~*~tactically~*~*~ (retreating).
  4818 | D:7      | 4818 ||| INVOKING Heroism.
  4833 | D:7      | Reached skill level 6 in Fighting
  4868 | D:7      | 4868 ||| INVOKING Heroism.
  4916 | D:7      | Noticed Joseph
  4927 | D:7      | 4927 ||| INVOKING Heroism.
  4932 | D:7      | HP: 8/51 [Joseph/sling bullet (8)]
  4933 | D:7      | 4933 ||| DRINKING 3 potions of heal wounds.
  4937 | D:7      | Killed Joseph
  4938 | D:7      | Reached skill level 10 in Ranged Weapons
  4938 | D:7      | Reached XP level 9. HP: 42/55 MP: 8/10
  5010 | D:7      | Found a shimmering blue altar of Sif Muna.
  5021 | D:7      | Reached skill level 3 in Invocations
  5037 | D:7      | Noticed a hornet
  5050 | D:7      | Killed a hornet
  5050 | D:7      | Reached ** piety under Okawaru
  5051 | D:7      | Reached skill level 3 in Dodging
  5058 | D:7      | 5058 ||| RETREEAATING.
  5060 | D:7      | 5060 ||| RETREEAATING.
  5062 | D:7      | 5062 ||| RETREEAATING.
  5064 | D:7      | 5064 ||| RETREEAATING.
  5066 | D:7      | 5066 ||| RETREEAATING.
  5068 | D:7      | 5068 ||| RETREEAATING.
  5071 | D:7      | 5071 ||| Stepping ~*~*~tactically~*~*~ (retreating).
  5072 | D:7      | 5072 ||| INVOKING Heroism.
  5073 | D:7      | 5073 ||| Stepping ~*~*~tactically~*~*~ (retreating).
  5198 | D:7      | Reached skill level 3 in Armour
  5443 | D:7      | 5443 ||| READING 3 scrolls of identify.
  5443 | D:7      | 5443 ||| IDENTIFYING smoky dark potion
  5444 | D:7      | 5444 ||| DROPPING potion of lignification.
  5465 | D:8      | 5465 ||| INVOKING Heroism.
  5466 | D:8      | 5466 ||| STAIRDANCE
  5482 | D:8      | 5482 ||| STAIRDANCE
  5489 | D:8      | 5489 ||| INVOKING Heroism.
  5490 | D:8      | 5490 ||| STAIRDANCE
  5510 | D:8      | 5510 ||| INVOKING Heroism.
  5511 | D:8      | 5511 ||| STAIRDANCE
  5527 | D:8      | 5527 ||| INVOKING Heroism.
  5528 | D:8      | 5528 ||| STAIRDANCE
  5544 | D:8      | 5544 ||| INVOKING Heroism.
  5545 | D:8      | 5545 ||| STAIRDANCE
  5695 | D:8      | Found an ancient bone altar of Kikubaaqudgha.
  5706 | D:8      | 5706 ||| RETREEAATING.
  5732 | D:8      | Reached skill level 11 in Ranged Weapons
  5774 | D:8      | Reached XP level 10. HP: 64/64 MP: 13/13
  5867 | D:8      | Found Izoruofo's Armour Shoppe.
  5878 | D:8      | 5878 ||| BUYING +2 helmet of intelligence (279 gold).
  5878 | D:8      | Bought a +2 helmet of intelligence for 279 gold pieces
  5878 | D:8      | 5878 ||| SHOPLISTING scarf of repulsion (156 gold, have
                  | 101).
  5953 | D:8      | 5953 ||| RETREEAATING.
  5954 | D:8      | 5954 ||| STILL RETREEAATING.
  5955 | D:8      | 5955 ||| STILL RETREEAATING.
  5956 | D:8      | 5956 ||| STILL RETREEAATING.
  5957 | D:8      | 5957 ||| STILL RETREEAATING.
  5958 | D:8      | 5958 ||| STILL RETREEAATING.
  5959 | D:8      | 5959 ||| STILL RETREEAATING.
  5962 | D:8      | Noticed Pikel
  5963 | D:8      | 5963 ||| Stepping ~*~*~tactically~*~*~ (retreating).
  5981 | D:8      | 5981 ||| INVOKING Heroism.
  5983 | D:8      | Killed Pikel
  6086 | D:8      | 6086 ||| INVOKING Heroism.
  6089 | D:8      | 6089 ||| Stepping ~*~*~tactically~*~*~ (retreating).
  6090 | D:8      | 6090 ||| Stepping ~*~*~tactically~*~*~ (retreating).
  6092 | D:8      | 6092 ||| Stepping ~*~*~tactically~*~*~ (retreating).
  6096 | D:8      | 6096 ||| Stepping ~*~*~tactically~*~*~ (retreating).
  6261 | D:8      | Found a basalt altar of Yredelemnul.
  6308 | D:8      | 6308 ||| INVOKING Heroism.
  6468 | D:8      | 6468 ||| UPGRADING to +2 helmet of intelligence.
  6478 | D:8      | 6478 ||| DROPPING +2 hat.
  6479 | D:8      | 6479 ||| UPGRADING to +6 ring of strength.
  6480 | D:8      | 6480 ||| UPGRADING to ring of protection from cold.
  6570 | D:9      | Found a glowing golden altar of the Shining One.
  6593 | D:9      | 6593 ||| READING scroll of enchant weapon.
  6593 | D:9      | 6593 ||| ENCHANTING +2 shortbow.
  6611 | D:9      | 6611 ||| INVOKING Heroism.
  6620 | D:9      | 6620 ||| Stepping ~*~*~tactically~*~*~ (retreating).
  6646 | D:9      | 6646 ||| INVOKING Heroism.
  6725 | D:9      | 6725 ||| SWAPPING to +0 arbalest.
  6726 | D:9      | 6726 ||| DROPPING +3 shortbow.
  6744 | D:9      | 6744 ||| RETREEAATING.
  6745 | D:9      | 6745 ||| STILL RETREEAATING.
  6746 | D:9      | 6746 ||| STILL RETREEAATING.
  6751 | D:9      | 6751 ||| Stepping ~*~*~tactically~*~*~ (retreating).
  6752 | D:9      | 6752 ||| Stepping ~*~*~tactically~*~*~ (retreating).
  6755 | D:9      | 6755 ||| Stepping ~*~*~tactically~*~*~ (retreating).
  6763 | D:9      | Reached skill level 12 in Ranged Weapons
  6776 | D:9      | 6776 ||| INVOKING Heroism.
  6823 | D:9      | 6823 ||| RETREEAATING.
  6829 | D:9      | 6829 ||| FLEEEEING.
  6830 | D:9      | 6830 ||| FLEEEEING.
  6833 | D:9      | Reached *** piety under Okawaru
  6845 | D:9      | 6845 ||| RETREEAATING.
  6846 | D:9      | 6846 ||| INVOKING Heroism.
  6847 | D:9      | 6847 ||| STILL RETREEAATING.
  6849 | D:9      | 6849 ||| STILL RETREEAATING.
  6850 | D:9      | 6850 ||| STILL RETREEAATING.
  6866 | D:9      | Found a radiant altar of Vehumet.
  6986 | D:9      | Found a hide-covered altar of Uskayaw.
  6989 | D:9      | Noticed a two-headed ogre
  6991 | D:9      | 6991 ||| INVOKING Heroism.
  6997 | D:9      | Killed a two-headed ogre
  6998 | D:9      | Reached skill level 13 in Ranged Weapons
  6998 | D:9      | Reached XP level 11. HP: 26/69 MP: 12/14
  7077 | D:9      | Found a staircase to the Lair.
  7093 | D:9      | Reached skill level 9 in Fighting
  7127 | D:9      | Found an ornate altar of the Wu Jian Council.
  7129 | D:9      | 7129 ||| RETREEAATING.
  7131 | D:9      | 7131 ||| Stepping ~*~*~tactically~*~*~ (retreating).
  7134 | D:9      | 7134 ||| INVOKING Heroism.
  7169 | D:9      | Found a radiant altar of Vehumet.
  7169 | D:9      | Found a shimmering altar of Xom.
  7171 | D:9      | Found a snail-covered altar of Cheibriados.
  7171 | D:9      | Found a burning altar of Makhleb.
  7171 | D:9      | Found a sacrificial altar of Ru.
  7279 | D:9      | Found a stormy altar of Qazlal.
  7280 | D:9      | 7280 ||| PLANNING LAIR
  7280 | D:9      | 7280 ||| UPGRADING to +0 troll leather armour.
  7290 | D:9      | 7290 ||| DROPPING +0 ring mail.
  7291 | D:9      | 7291 ||| READING scroll labelled CEXAUP XUOPN.
  7348 | Lair:1   | Entered Level 1 of the Lair of Beasts
  7349 | Lair:1   | 7349 ||| RETREEAATING.
  7350 | Lair:1   | 7350 ||| STILL RETREEAATING.
  7351 | Lair:1   | 7351 ||| INVOKING Heroism.
  7369 | Lair:1   | 7369 ||| INVOKING Heroism.
  7401 | Lair:1   | 7401 ||| RETREEAATING.
  7403 | Lair:1   | 7403 ||| RETREEAATING.
  7405 | Lair:1   | 7405 ||| INVOKING Heroism.
  7505 | Lair:1   | 7505 ||| RETREEAATING.
  7506 | Lair:1   | 7506 ||| STILL RETREEAATING.
  7508 | Lair:1   | 7508 ||| Stepping ~*~*~tactically~*~*~ (retreating).
  7584 | Lair:1   | Reached **** piety under Okawaru
  7612 | Lair:1   | 7612 ||| INVOKING Heroism.
  7642 | Lair:1   | 7642 ||| INVOKING Heroism.
  7647 | Lair:1   | 7647 ||| Stepping ~*~*~tactically~*~*~ (retreating).
  7657 | Lair:1   | Reached skill level 14 in Ranged Weapons
  7661 | Lair:1   | 7661 ||| INVOKING Heroism.
  7715 | Lair:1   | 7715 ||| INVOKING Heroism.
  7717 | Lair:1   | 7717 ||| RETREEAATING.
  7718 | Lair:1   | 7718 ||| STILL RETREEAATING.
  7721 | Lair:1   | 7721 ||| STILL RETREEAATING.
  7727 | Lair:1   | 7727 ||| Stepping ~*~*~tactically~*~*~ (retreating).
  7794 | Lair:1   | 7794 ||| Stepping ~*~*~tactically~*~*~ (retreating).
  7798 | Lair:1   | 7798 ||| Stepping ~*~*~tactically~*~*~ (retreating).
  7799 | Lair:1   | 7799 ||| Stepping ~*~*~tactically~*~*~ (retreating).
  7800 | Lair:1   | 7800 ||| Stepping ~*~*~tactically~*~*~ (retreating).
  7802 | Lair:1   | 7802 ||| Stepping ~*~*~tactically~*~*~ (retreating).
  7803 | Lair:1   | 7803 ||| Stepping ~*~*~tactically~*~*~ (retreating).
  7804 | Lair:1   | 7804 ||| Stepping ~*~*~tactically~*~*~ (retreating).
  7805 | Lair:1   | 7805 ||| RETREEAATING.
  7806 | Lair:1   | 7806 ||| STILL RETREEAATING.
  7818 | Lair:1   | Reached skill level 6 in Invocations
  7845 | Lair:1   | 7845 ||| RETREEAATING.
  7849 | Lair:1   | 7849 ||| Stepping ~*~*~tactically~*~*~ (retreating).
  7851 | Lair:1   | 7851 ||| Stepping ~*~*~tactically~*~*~ (retreating).
  7853 | Lair:1   | 7853 ||| Stepping ~*~*~tactically~*~*~ (retreating).
  7854 | Lair:1   | 7854 ||| Stepping ~*~*~tactically~*~*~ (retreating).
  7855 | Lair:1   | 7855 ||| Stepping ~*~*~tactically~*~*~ (retreating).
  7974 | Lair:1   | 7974 ||| INVOKING Heroism.
  7980 | Lair:1   | 7980 ||| RETREEAATING.
  7981 | Lair:1   | 7981 ||| STILL RETREEAATING.
  7984 | Lair:1   | 7984 ||| Stepping ~*~*~tactically~*~*~ (retreating).
  7985 | Lair:1   | 7985 ||| STILL RETREEAATING.
  7992 | Lair:1   | Reached XP level 12. HP: 77/77 MP: 16/16
  8041 | Lair:1   | 8041 ||| READING scroll of enchant weapon.
  8041 | Lair:1   | 8041 ||| ENCHANTING +0 arbalest.
  8278 | Lair:2   | 8278 ||| INVOKING Heroism.
  8281 | Lair:2   | 8281 ||| RETREEAATING.
  8282 | Lair:2   | 8282 ||| STILL RETREEAATING.
  8417 | Lair:2   | 8417 ||| READING scroll of acquirement.
  8417 | Lair:2   | 8417 ||| ACQUIRING 593 gold pieces
  8417 | Lair:2   | Acquired 593 gold pieces
  8450 | Lair:2   | 8450 ||| INVOKING Heroism.
  8539 | Lair:2   | 8539 ||| INVOKING Heroism.
  8571 | Lair:2   | 8571 ||| INVOKING Heroism.
  8578 | Lair:2   | 8578 ||| Stepping ~*~*~tactically~*~*~ (retreating).
  8579 | Lair:2   | 8579 ||| Stepping ~*~*~tactically~*~*~ (retreating).
  8580 | Lair:2   | 8580 ||| Stepping ~*~*~tactically~*~*~ (retreating).
  8581 | Lair:2   | 8581 ||| Stepping ~*~*~tactically~*~*~ (retreating).
  8582 | Lair:2   | 8582 ||| Stepping ~*~*~tactically~*~*~ (retreating).
  8598 | Lair:2   | 8598 ||| INVOKING Heroism.
  8690 | Lair:2   | 8690 ||| INVOKING Heroism.
  8720 | Lair:2   | Noticed a skyshark
  8729 | Lair:2   | Killed a skyshark
  8905 | Lair:2   | 8905 ||| RETREEAATING.
  8909 | Lair:2   | Reached ***** piety under Okawaru
  8910 | Lair:2   | Reached skill level 15 in Ranged Weapons
  8921 | Lair:2   | Found a staircase to the Shoals.
  9159 | Lair:3   | Reached skill level 9 in Invocations
  9164 | Lair:3   | 9164 ||| RETREEAATING.
  9166 | Lair:3   | 9166 ||| STILL RETREEAATING.
  9167 | Lair:3   | 9167 ||| STILL RETREEAATING.
  9168 | Lair:3   | 9168 ||| STILL RETREEAATING.
  9169 | Lair:3   | 9169 ||| STILL RETREEAATING.
  9175 | Lair:3   | 9175 ||| Stepping ~*~*~tactically~*~*~ (retreating).
  9210 | Lair:3   | 9210 ||| INVOKING Heroism.
  9218 | Lair:3   | 9218 ||| RETREEAATING.
  9219 | Lair:3   | 9219 ||| STILL RETREEAATING.
  9221 | Lair:3   | 9221 ||| STILL RETREEAATING.
  9317 | Lair:3   | 9317 ||| INVOKING Heroism.
  9356 | Lair:3   | Found a staircase to the Snake Pit.
  9376 | Lair:3   | 9376 ||| INVOKING Heroism.
  9381 | Lair:3   | 9381 ||| RETREEAATING.
  9382 | Lair:3   | 9382 ||| STILL RETREEAATING.
  9383 | Lair:3   | 9383 ||| STILL RETREEAATING.
  9385 | Lair:3   | 9385 ||| STILL RETREEAATING.
  9387 | Lair:3   | 9387 ||| Stepping ~*~*~tactically~*~*~ (retreating).
  9388 | Lair:3   | 9388 ||| Stepping ~*~*~tactically~*~*~ (retreating).
  9389 | Lair:3   | 9389 ||| Stepping ~*~*~tactically~*~*~ (retreating).
  9390 | Lair:3   | 9390 ||| STILL RETREEAATING.
  9391 | Lair:3   | 9391 ||| STILL RETREEAATING.
  9392 | Lair:3   | 9392 ||| STILL RETREEAATING.
  9393 | Lair:3   | 9393 ||| STILL RETREEAATING.
  9394 | Lair:3   | 9394 ||| Stepping ~*~*~tactically~*~*~ (retreating).
  9395 | Lair:3   | 9395 ||| Stepping ~*~*~tactically~*~*~ (retreating).
  9396 | Lair:3   | 9396 ||| Stepping ~*~*~tactically~*~*~ (retreating).
  9397 | Lair:3   | 9397 ||| INVOKING Heroism.
  9403 | Lair:3   | Reached skill level 6 in Dodging
  9447 | Lair:3   | Found an ancient bone altar of Kikubaaqudgha.
  9448 | Lair:3   | 9448 ||| INVOKING Heroism.
  9449 | Lair:3   | 9449 ||| INVOKING Finesse.
  9450 | Lair:3   | 9450 ||| READING scroll labelled GITUWN HICAN.
  9555 | Lair:3   | 9555 ||| INVOKING Heroism.
  9598 | Lair:3   | 9598 ||| Stepping ~*~*~tactically~*~*~ (cloud).
  9600 | Lair:3   | 9600 ||| Stepping ~*~*~tactically~*~*~ (cloud).
  9606 | Lair:3   | Reached XP level 13. HP: 42/82 MP: 20/20
  9607 | Lair:3   | 9607 ||| Stepping ~*~*~tactically~*~*~ (cloud).
  9631 | Lair:3   | 9631 ||| INVOKING Heroism.
  9708 | Lair:3   | 9708 ||| INVOKING Heroism.
  9722 | Lair:3   | 9722 ||| RETREEAATING.
  9724 | Lair:3   | 9724 ||| Stepping ~*~*~tactically~*~*~ (retreating).
  9725 | Lair:3   | 9725 ||| Stepping ~*~*~tactically~*~*~ (retreating).
  9726 | Lair:3   | 9726 ||| Stepping ~*~*~tactically~*~*~ (retreating).
  9728 | Lair:3   | 9728 ||| Stepping ~*~*~tactically~*~*~ (retreating).
  9732 | Lair:3   | 9732 ||| Stepping ~*~*~tactically~*~*~ (retreating).
  9738 | Lair:3   | 9738 ||| Stepping ~*~*~tactically~*~*~ (retreating).
  9741 | Lair:3   | 9741 ||| RETREEAATING.
  9742 | Lair:3   | 9742 ||| STILL RETREEAATING.
  9747 | Lair:3   | Reached skill level 16 in Ranged Weapons
 10085 | Lair:4   | 10085 ||| STAIRDANCE
 10087 | Lair:3   | 10087 ||| INVOKING Heroism.
 10101 | Lair:4   | 10101 ||| STAIRDANCE
 10103 | Lair:3   | HP: 20/82 [death yak (16)]
 10104 | Lair:3   | 10104 ||| READING scroll of teleportation.
 10104 | Lair:3   | Slain by a death yak

Levels and vault maps discovered:
D:1:      lightli_arrival_statuegarden, layout_loops_corners
D:2:      layout_rooms, hangedman_decor_opposing
D:3:      layout_loops_ring
D:4:      layout_loops_cross, bloody_trog, serial_shops,
          nicolae_shop_tiny_statue_garden
D:5:      nicolae_cairo_tiling_large_dashed, layout_loops_corners,
          minmay_temple_entry_nine_rooms
D:6:      layout_basic, gammafunk_ghost_necromancy
D:7:      layout_basic, general_overflow_altar, uniq_joseph
D:8:      layout_cave_pods, lemuel_mausoleum_altar_yredelemnul,
          lemuel_round_altar, serial_shops, shop, uniq_pikel
D:9:      layout_rooms, tso_metal_star, nicolae_qazlal_eye_of_the_storm,
          doesnt_xom_only_xom, lemuel_crystal_altar, nicolae_vehumet_radiance,
          erik_lair_orcish_takeover
Temple:   nicolae_temple_bog_church
Lair:1:   layout_roguey, infiniplex_staircase_pool
Lair:2:   dreamdust_cave_troll, layout_regular_city, nicolae_shoals_entry_roost,
          gammafunk_lair_bear_cave
Lair:3:   layout_chaotic_city, minmay_snake_entry_guardpost_small,
          lightli_volcano_entry_magma_tube, lemuel_oklob_altar,
          lemuel_fruit_tree
Lair:4:   nzn_motion_control, layout_small_grid, st_stairs_13,
          minmay_lair_oklob_bushes

Skill      XL: |  1  2  3  4  5  6  7  8  9 10 11 12 13 |
---------------+----------------------------------------+-----
Ranged Weapons | 5 6 7 8 10 11 13 14 15 16 | 16.0
Armour         | 1 2 3 4 5 |  5.1
Fighting       | 3 4 5 6 7 8 10 | 10.1
Dodging        | 2 3 4 5 6 |  6.0
Invocations    | 2 4 6 10 | 10.0
Stealth        | |  1.1

Action                     |  1- 3 |  4- 6 |  7- 9 | 10-12 | 13-15 || total
---------------------------+-------+-------+-------+-------+-------++-------
   Fire: Shortbow          |   125 |   198 |   358 |   178 |       ||   859
         Arbalest          |       |       |       |   474 |    34 ||   508
 Invoke: Heroism           |       |       |    10 |    29 |     3 ||    42
         Finesse           |       |       |       |     1 |       ||     1
    Use: Potion            |     4 |     1 |     3 |       |       ||     8
         Scroll            |     2 |     6 |    12 |     5 |     1 ||    26
 Armour: Leather armour    |    17 |       |       |       |       ||    17
         Ring mail         |    32 |   112 |   200 |   136 |       ||   480
         Troll leather arm |       |       |       |   134 |    23 ||   157
  Dodge: Dodged            |    27 |    66 |   142 |   339 |    19 ||   593

Table legend:
 A = Non-vault XP
 B = Vault XP
 C = Vault XP percentage of total XP
 D = Non-vault monster count
 E = Vault monster count
 F = Vault count percentage of total count
                 A         B        C        D         E       F
            +---------+---------+-------+---------+---------+-------
      Total |   30273 |    5205 |  14.7 |     248 |      32 |  11.4
            +---------+---------+-------+---------+---------+-------
        D:1 |      44 |       0 |   0.0 |      23 |       0 |   0.0
        D:2 |      43 |       0 |   0.0 |      17 |       0 |   0.0
        D:3 |      33 |       0 |   0.0 |      12 |       0 |   0.0
        D:4 |      54 |       0 |   0.0 |      13 |       0 |   0.0
        D:5 |     969 |       0 |   0.0 |      19 |       0 |   0.0
        D:6 |     726 |       0 |   0.0 |       9 |       0 |   0.0
        D:7 |    1390 |     430 |  23.6 |      19 |       1 |   5.0
        D:8 |    1412 |    1193 |  45.8 |      21 |      13 |  38.2
        D:9 |    4339 |     624 |  12.6 |      29 |       8 |  21.6
     Lair:1 |    8219 |       0 |   0.0 |      40 |       0 |   0.0
     Lair:2 |    4797 |    1741 |  26.6 |      19 |       5 |  20.8
     Lair:3 |    8247 |    1217 |  12.9 |      27 |       5 |  15.6
            +---------+---------+-------+---------+---------+-------
